 Dungeon Crawl Stone Soup version 0.14.1-24-gbdbe590 (webtiles) character file.

1633 Kenran the Basher (level 8, -1/46 HPs)
             Began as a Gargoyle Fighter on June 20, 2014.
             Killed by divine providence
             ... invoked by an orc priest
              (13 damage)
             ... on Level 7 of the Dungeon.
             The game lasted 00:24:38 (5350 turns).

Kenran the Basher (Gargoyle Fighter)                Turns: 5350, Time: 00:24:39

HP  -1/46        AC 22     Str 21      XL: 8   Next: 70%
MP   8/8         EV  6     Int  8      God:
Gold 223         SH 18     Dex 11      Spells:  0 memorised,  7 levels left

rFire  . . .     SeeInvis .     n - +1,+2 flail (protect)
rCold  . . .     Clarity  .     b - +0 scale mail
rNeg   + . .     Conserve .     c - +0 shield
rPois  +         rCorr    .     (no helmet)
rElec  +         rRot     +     r - +2 cloak
SustAb . .       Spirit   .     (no gloves)
rMut   .         Warding  .     o - +1 pair of boots
Saprov . . .     Stasis   .     (no amulet)
MR     .....                    (no ring)
                                (no ring)

@: not resistant to hostile enchantments, extremely unstealthy
A: mutation resistance 1, life protection 1, electricity resistance, slow
metabolism 1, unbreathing, petrification resistance, AC +5
a: no special abilities


You were on level 7 of the Dungeon.
You were not hungry.

You visited 1 branch of the dungeon, and saw 7 of its levels.

You collected 223 gold pieces.

Inventory:

Hand weapons
 a - a +0,-1 flail
 h - a +0,+0 dire flail of protection
 n - a +1,+2 flail of protection (weapon)
Armour
 b - a +0 scale mail (worn)
 c - a +0 shield (worn)
 o - a +1 pair of boots (worn)
 r - a +2 cloak (worn)
Magical devices
 g - a wand of enslavement (7) {unknown}
 t - a wand of polymorph (15) {unknown}
 x - a wand of lightning (8) {unknown}
 y - a wand of lightning (6) {unknown}
Comestibles
 d - 3 bread rations
 j - a slice of pizza
 m - 2 meat rations
Scrolls
 f - 5 scrolls of remove curse
 k - 2 scrolls of magic mapping
 l - 5 scrolls of identify
 s - a scroll of blinking
 A - a scroll of amnesia
 C - a scroll of fear
 D - a scroll of acquirement {unknown}
Jewellery
 p - an uncursed ring of fire
 B - an uncursed ring of ice
Potions
 e - 2 potions of might
 i - 3 potions of cure mutation
 q - a potion of haste
 u - a potion of agility
 v - a potion of heal wounds {unknown}
 z - a potion of degeneration {unknown}


   Skills:
 - Level 3.2 Fighting
 + Level 11.4 Maces & Flails
 - Level 3.2 Armour
 - Level 3.2 Shields


You had 7 spell levels left.
You didn't know any spells.

Dungeon Overview and Level Annotations

Branches:
Dungeon (7/15)
 Temple: D:4-7

Altars:
Makhleb
Sif Muna
Xom
Yredelemnul

Shops:
D:4 (


Innate Abilities, Weirdness & Mutations

You are resistant to torment.
You are immune to poison.
You are immune to rotting.
Your stone body is very resilient (AC +5).
You resist negative energy.
You are resistant to electric shocks.
You can survive without breathing.
You are immune to petrification.
You are somewhat resistant to further mutation.
You have a slow metabolism.


Message History

The orc priest completely misses you. You block the orc warrior's attack.
You closely miss the orc priest.
The orc priest is almost dead.
The orc priest looks braver.
The orc priest hits you but does no damage.
You thump the orc priest!
You kill the orc priest!
The orc warrior closely misses you.
The orc priest calls down the wrath of Beogh upon you.
Something smites you!
* * * LOW HITPOINT WARNING * * *
Drink which item? (? for menu, Esc to quit)
You feel better. You block the orc warrior's attack.
You hit the hobgoblin.
The hobgoblin is moderately wounded.
The orc warrior hits you from afar with a trident!
* * * LOW HITPOINT WARNING * * *
The orc priest mumbles some strange prayers to Beogh against you.
Something smites you!
You die...

...............
...........?.......
.....................
......................#
.......................#
.......................#
........[..............#
......o..........<......#
......og@...............#
.......#########........#
..... #........# ....
#........# !.. #........
. #.....$. #...... #.....
#..


You could see an orc warrior, an orc priest and a hobgoblin.

Vanquished Creatures
  Edmund (D:4)
  A sky beast (D:5)
  2 ogres
  Sigmund (D:4)
  Duvessa (D:4)
  2 scorpions (D:4)
  A jelly (D:5)
  2 crimson imps (D:5)
  Dowan (D:4)
  4 hounds
  Crazy Yiuf (D:3)
  2 iguanas (D:4)
  An orc priest (D:7)
  A worker ant (D:3)
  2 orc wizards (D:4)
  Jessica (D:3)
  An ogre skeleton (D:4)
  Terence (D:3)
  A hound skeleton (D:4)
  5 adders
  8 gnolls
  An orc zombie (D:6)
  A shadow imp (D:5)
  3 worms
  An adder skeleton (D:5)
  An orc skeleton (D:5)
  3 giant geckos (D:5)
  3 oozes
  3 orcs
  13 bats
  11 hobgoblins
  4 jackals (D:1)
  5 quokkas
  2 ball pythons
  7 giant cockroaches
  6 giant newts
  10 goblins
  12 kobolds
  19 rats
145 creatures vanquished.

Notes
Turn   | Place    | Note
--------------------------------------------------------------
     0 | D:1      | Kenran, the Gargoyle Fighter, began the quest for the Orb.
     0 | D:1      | Reached XP level 1. HP: 14/14 MP: 1/1
   165 | D:1      | Reached XP level 2. HP: 17/19 MP: 2/2
   918 | D:2      | Reached XP level 3. HP: 23/23 MP: 3/3
  1117 | D:2      | Reached skill level 4 in Maces & Flails
  1748 | D:3      | Noticed Terence
  1783 | D:3      | Killed Terence
  1929 | D:3      | Reached XP level 4. HP: 24/28 MP: 4/4
  2064 | D:3      | Found a burning altar of Makhleb.
  2182 | D:3      | Reached skill level 5 in Maces & Flails
  2234 | D:3      | Reached XP level 5. HP: 29/32 MP: 5/5
  2474 | D:3      | Noticed Crazy Yiuf
  2484 | D:3      | Killed Crazy Yiuf
  2617 | D:3      | Noticed Jessica
  2619 | D:3      | Killed Jessica
  2619 | D:3      | Reached skill level 6 in Maces & Flails
  2744 | D:4      | Found Wujubank's Antique Weapon Boutique.
  2784 | D:4      | Noticed Dowan
  2786 | D:4      | Noticed Duvessa
  2812 | D:4      | Killed Duvessa
  2812 | D:4      | Reached skill level 7 in Maces & Flails
  2812 | D:4      | Reached XP level 6. HP: 27/37 MP: 6/6
  2824 | D:4      | Killed Dowan
  3039 | D:4      | Found a basalt altar of Yredelemnul.
  3218 | D:4      | Noticed Edmund
  3252 | D:4      | Killed Edmund
  3252 | D:4      | Reached skill level 8 in Maces & Flails
  3252 | D:4      | Reached XP level 7. HP: 5/41 MP: 7/7
  3555 | D:4      | Gained mutation: You have a slow metabolism. [potion of mutation]
  3555 | D:4      | Gained mutation: You are somewhat resistant to further mutation. [potion of mutation]
  3709 | D:4      | Reached skill level 9 in Maces & Flails
  3872 | D:4      | Noticed Sigmund
  3879 | D:4      | Killed Sigmund
  4077 | D:5      | Entered Level 5 of the Dungeon
  4162 | D:5      | Reached XP level 8. HP: 42/46 MP: 8/8
  4185 | D:5      | Reached skill level 10 in Maces & Flails
  4705 | D:5      | Found a deep blue altar of Sif Muna.
  4767 | D:6      | Reached skill level 11 in Maces & Flails
  4985 | D:6      | Found a shimmering altar of Xom.
  5350 | D:7      | Killed from afar by an orc priest

Action                   |  1- 3 |  4- 6 |  7- 9 || total
-------------------------+-------+-------+-------++-------
Melee: Flail             |   168 |   162 |   237 ||   567
  Use: Scroll            |     6 |     2 |     9 ||    17
       Potion            |       |     1 |     3 ||     4
